 Dungeon Crawl Stone Soup version 0.30.1 (webtiles) character file.

Game seed: 7451905058801241574

33061 Babbit the Severer (level 13, 0/119 HPs)
             Began as a Minotaur Fighter on July 10, 2023.
             Was the Champion of Okawaru.
             Slain by a 16-headed hydra (10 damage)
             ... on level 5 of the Lair of Beasts.
             The game lasted 01:50:54 (11291 turns).

Babbit the Severer (Minotaur Fighter)              Turns: 11291, Time: 01:50:55

Health: 0/119      AC: 20    Str: 29    XL:     13   Next: 34%
Magic:  15/15      EV:  8    Int:  8    God:    Okawaru [******]
Gold:   953        SH: 15    Dex: 18    Spells: 12/12 levels left

rFire   . . .        H - +4 hand axe (elec)
rCold   . . .        c - +2 buckler
rNeg    + . .        Q - +1 plate armour
rPois   .            (helmet restricted)
rElec   .            R - scarf "Tiraifuj" {+Inv, Dex+4}
rCorr   +            (no gloves)
SInv    +            n - +2 pair of boots
Will    .....        v - amulet "Gipeacir" {Reflect Str+4 SH+5} Stlth
                     i - ring of Zanafut {rN+ rCorr Int+3 Dex+3}
HPRegen 0.39/turn    O - ring of see invisible
MPRegen 0.14/turn

%: reflection
@: no status effects
A: horns 2, retaliatory headbutt
a: Renounce Religion, Evoke Invisibility, Heroism, Finesse, Duel


You were on level 5 of the Lair of Beasts.
You worshipped Okawaru.
Okawaru was exalted by your worship.
You visited 3 branches of the dungeon, and saw 15 of its levels.

You collected 953 gold pieces.

Inventory:

Hand Weapons
 a - a +1 war axe
 H - a +4 hand axe of electrocution (weapon)
Missiles
 G - 5 silver javelins (quivered)
 M - 3 throwing nets
Armour
 c - a +2 buckler (worn)
 n - a +2 pair of boots (worn)
 Q - a +1 plate armour (worn)
 R - the scarf "Tiraifuj" (worn) {+Inv, Dex+4}
   (Okawaru gifted it to you on level 1 of the Lair of Beasts)

   Dex:       It affects your dexterity (+4).
Jewellery
 i - the ring of Zanafut (left hand) {rN+ rCorr Int+3 Dex+3}
   (You found it on level 8 of the Dungeon)

   [ring of positive energy]

   Int:       It affects your intelligence (+3).
   Dex:       It affects your dexterity (+3).
   rN:        It protects you from negative energy.
   rCorr:     It protects you from acid and corrosion.
 v - the amulet "Gipeacir" (around neck) {Reflect Str+4 SH+5}
   (You found it on level 3 of the Dungeon)

   [amulet of reflection]

   It reflects blocked missile attacks.
   Str:       It affects your strength (+4).
   SH:        It affects your SH (+5).
 E - an amulet of faith
 N - an amulet of reflection
 O - a ring of see invisible (right hand)
 P - a ring of ice
 T - a +6 ring of intelligence
Wands
 S - a wand of paralysis (5)
 U - a wand of flame (8)
Scrolls
 g - 2 scrolls of fog
 h - 4 scrolls of immolation
 j - a scroll of blinking
 l - a scroll of magic mapping
 m - a scroll of amnesia
 p - a scroll of acquirement {unknown}
 q - a scroll of enchant weapon
 r - a scroll of brand weapon {unknown}
 t - 3 scrolls of fear {unknown}
 u - 2 scrolls of vulnerability
 y - 2 scrolls of noise {unknown}
 B - 2 scrolls of teleportation {unknown}
 F - 2 scrolls of poison
 I - a scroll of torment {unknown}
 J - a scroll of identify
Potions
 b - 2 potions of magic
 d - 4 potions of mutation
 e - a potion of experience {unknown}
 f - 4 potions of lignification
 o - 4 potions of attraction
 s - a potion of berserk rage
 w - a potion of ambrosia
 x - a potion of haste
 z - a potion of might
 A - 2 potions of resistance {unknown}
 C - a potion of invisibility {unknown}
 D - a potion of flight {unknown}
 L - a potion of cancellation {unknown}
Miscellaneous
 K - a piece from Xom's chessboard (15/15)


   Skills:
 + Level 12.6 Fighting
 * Level 16.8 Axes
 + Level 12.6 Armour
 + Level 12.6 Shields
 - Level 5.0 Invocations


You had 12 spell levels left.
You didn't know any spells.
Your spell library contained the following spells:

 Spells                   Type           Power      Damage    Failure   Level
 Necrotise                Necr           0%         1d4       97%         1
 Sandblast                Erth           0%         2d4       97%         1
 Slow                     Hex            0%         N/A       97%         1
 Sting                    Tmut/Pois      0%         1d3       97%         1
 Passwall                 Tmut/Erth      0%         N/A       99%         2
 Poisonous Vapours        Pois/Air       0%         N/A       99%         2
 Confusing Touch          Hex            0%         N/A       100%        3
 Stone Arrow              Conj/Erth      0%         3d7       100%        3
 Vampiric Draining        Necr           0%         2d6       100%        3
 Olgreb's Toxic Radiance  Pois           0%         N/A       100%        4
 Passage of Golubria      Tloc           0%         N/A       100%        4
 Agony                    Necr           0%         N/A       100%        5
 Borgnjor's Vile Clutch   Necr/Erth      0%         N/A       100%        5
 Silence                  Hex/Air        0%         N/A       100%        5
 Dispersal                Tloc           0%         N/A       100%        6
 Starburst                Conj/Fire      0%         6d3       100%        6
 Lehudib's Crystal Spear  Conj/Erth      0%         10d2      100%        8
 Animate Dead             Necr           Unusable   N/A       N/A         4
 Death Channel            Necr           Unusable   N/A       N/A         6
 Simulacrum               Ice/Necr       Unusable   N/A       N/A         6

Dungeon Overview and Level Annotations

Branches:
Dungeon (9/15)             Temple (1/1) D:6            Lair (5/5) D:8
 Shoals (0/4) Lair:3       Spider (0/4) Lair:3
  Slime: Lair:4-5       Orc: D:9-12

Altars:
Ashenzari
Cheibriados
Dithmenos
Elyvilon
Fedhas
Gozag
Hepliaklqana
Kikubaaqudgha
Makhleb
Nemelex Xobeh
Okawaru
Qazlal
Ru
Sif Muna
Trog
Vehumet
Wu Jian
Xom
Yredelemnul
Zin
The Shining One

Shops:
D:3 =

Annotations:
Lair:4 exclusion: oklob plant


Innate Abilities, Weirdness & Mutations

You have a pair of horns on your head.
You reflexively headbutt those who attack you in melee.


Message History

The 14-headed hydra bites you but does no damage. x4
You block the 14-headed hydra's attack.
The 14-headed hydra bites you but does no damage. x5
The 14-headed hydra closely misses you.
You lop one of the 14-headed hydra's heads off!
The 13-headed hydra grows two more!
You hit the 15-headed hydra.
Lightning courses through the 15-headed hydra!
You headbutt the 15-headed hydra.
The 15-headed hydra is moderately wounded.
You hack one of the 15-headed hydra's heads off!
The 14-headed hydra grows two more!
You slash the 16-headed hydra!
Your headbutt misses the 16-headed hydra.
The 16-headed hydra is moderately wounded.
The 16-headed hydra closely misses you. You block the 16-headed hydra's attack.
The 16-headed hydra bites you!
* * * LOW HITPOINT WARNING * * *
You block the 16-headed hydra's attack.
The 16-headed hydra bites you but does no damage.
You block the 16-headed hydra's attack.
The 16-headed hydra bites you but does no damage.
The 16-headed hydra bites you.
* * * LOW HITPOINT WARNING * * *
You block the 16-headed hydra's attack. The 16-headed hydra bites you.
* * * LOW HITPOINT WARNING * * *
The 16-headed hydra closely misses you. The 16-headed hydra bites you.
* * * LOW HITPOINT WARNING * * *
The 16-headed hydra bites you.
* * * LOW HITPOINT WARNING * * *
The 16-headed hydra barely misses you. The 16-headed hydra bites you!
* * * LOW HITPOINT WARNING * * *
The 16-headed hydra bites you but does no damage.
The 16-headed hydra bites you but does no damage. x2
You block the 16-headed hydra's attack. The 16-headed hydra barely misses you.
You block the 16-headed hydra's attack. The 16-headed hydra barely misses you.
You block the 16-headed hydra's attack.
The 16-headed hydra bites you but does no damage.
The 16-headed hydra barely misses you. The 16-headed hydra bites you.
* * * LOW HITPOINT WARNING * * *
The 16-headed hydra bites you!
You die...

###### ###.###. #.#..###
###...#..# ##.P.##P#####
###......### #.....#..##.#
##P#........#
###.........####...........#
#............##......##P#..#
#P.............P....#####..#
##...................#..P...
#.........D@................
##.........................#
#..........................
#.#.÷...........(..........
###.÷÷.........#...P....^..
#.#...........#####.#.....
###..##.......# ####P#.#
...####.#.#.# ##### ...# ###


You could see a 16-headed hydra.

Vanquished Creatures
  A hydra (Lair:3)
  Harold (D:9)
  3 centaur warriors (D:8)
  A catoblepas (Lair:2)
  A boulder beetle (Lair:1)
  4 death yaks (Lair:3)
  2 skysharks (Lair:4)
  A cyclops (D:9)
  An ugly thing (D:8)
  A manticore (Lair:3)
  10 elephants
  3 black mambas
  8 cane toads
  An unseen horror (D:8)
  A rime drake (Lair:3)
  A kobold demonologist (D:8)
  3 komodo dragons
  A hornet (Lair:5)
  2 wind drakes
  Prince Ribbit (D:6)
  15 blink frogs
  3 polar bears
  A spriggan (Lair:4)
  Sigmund (D:3)
  2 wyverns
  39 yaks
  A steam dragon (Lair:5)
  2 vampire mosquitoes (D:8)
  4 basilisks
  2 wargs (D:8)
  12 water moccasins
  Duvessa (D:5)
  A sky beast (D:8)
  An ice beast (D:7)
  3 ogres
  2 orc warriors
  2 centaurs
  A phantom (D:5)
  A kobold brigand (D:7)
  12 bullfrogs
  A scorpion (D:5)
  10 wights (D:8)
  Dowan (D:5)
  6 killer bees (D:9)
  A howler monkey (D:6)
  3 hounds
  2 jellies
  4 orc priests
  Crazy Yiuf (D:3)
  6 iguanas
  Terence (D:3)
  6 orc wizards
  Robin (D:3)
  4 gnolls (D:5)
  An adder (D:2)
  A shadow imp (D:6)
  2 white imps
  5 worms
  2 dart slugs
  16 orcs
  12 ball pythons
  9 bats
  9 endoplasms
  2 giant cockroaches (D:3)
  12 goblins
  11 hobgoblins
  A jackal (D:5)
  15 kobolds
  7 quokkas
  2 training dummies (D:7)
  3 frilled lizards
  7 rats
317 creatures vanquished.

Vanquished Creatures (others)
  An orc wizard (D:7)
1 creature vanquished.

Grand Total: 318 creatures vanquished

Notes
Turn   | Place    | Note
-------+----------+-------------------------------------------
     0 | D:1      | Babbit the Minotaur Fighter began the quest for the Orb.
     0 | D:1      | Reached XP level 1. HP: 19/19 MP: 0/0
   264 | D:1      | Reached XP level 2. HP: 27/27 MP: 1/1
   358 | D:1      | Reached skill level 3 in Axes
  1084 | D:2      | Reached XP level 3. HP: 33/33 MP: 2/2
  1281 | D:2      | Found a blossoming altar of Fedhas.
  1787 | D:3      | You fall into a shaft and drop 3 floors!
  1794 | D:5      | Entered Level 5 of the Dungeon
  1795 | D:5      | Noticed Duvessa
  1798 | D:5      | Noticed a phantom
  1799 | D:5      | Noticed Dowan
  1801 | D:5      | Reached XP level 4. HP: 40/40 MP: 3/3
  1806 | D:5      | Reached skill level 4 in Axes
  1812 | D:5      | Killed Duvessa
  1813 | D:5      | Reached XP level 5. HP: 22/47 MP: 4/4
  1818 | D:5      | Killed a phantom
  1819 | D:5      | Reached skill level 5 in Axes
  1819 | D:5      | Reached XP level 6. HP: 53/55 MP: 5/5
  1830 | D:5      | Killed Dowan
  1831 | D:5      | Reached skill level 5 in Fighting
  1831 | D:5      | Reached skill level 5 in Armour
  1831 | D:5      | Reached skill level 5 in Shields
  1993 | D:3      | Noticed Sigmund
  2003 | D:3      | Killed Sigmund
  2004 | D:3      | Reached skill level 6 in Axes
  2004 | D:3      | Reached XP level 7. HP: 56/61 MP: 6/6
  2005 | D:3      | Found Ijyjone's Jewellery Emporium.
  2108 | D:3      | Noticed Robin
  2118 | D:3      | Killed Robin
  2209 | D:3      | Noticed Terence
  2217 | D:3      | Killed Terence
  2253 | D:3      | Identified the amulet "Gipeacir" {Reflect Str+4 SH+5}
  2318 | D:3      | Found a runed translucent door.
  2319 | D:3      | Noticed Crazy Yiuf
  2328 | D:3      | Killed Crazy Yiuf
  2649 | D:4      | Found a basalt altar of Yredelemnul.
  2869 | D:4      | Found a hazy altar of Hepliaklqana.
  3211 | D:5      | Reached skill level 7 in Axes
  3333 | D:5      | Reached XP level 8. HP: 70/70 MP: 7/7
  3752 | D:6      | Found a staircase to the Ecumenical Temple.
  3763 | Temple   | Entered the Ecumenical Temple
  3836 | Temple   | Became a worshipper of Warmaster Okawaru
  3958 | D:6      | Noticed Prince Ribbit
  3966 | D:6      | Killed Prince Ribbit
  3967 | D:6      | Reached skill level 8 in Axes
  4358 | D:6      | Reached * piety under Okawaru
  4386 | D:6      | Found an opulent altar of Gozag.
  4406 | D:6      | Reached skill level 9 in Axes
  4494 | D:6      | Found an ancient bone altar of Kikubaaqudgha.
  4684 | D:7      | Found a shadowy altar of Dithmenos.
  4704 | D:7      | Reached XP level 9. HP: 70/79 MP: 8/8
  4909 | D:7      | Found a radiant altar of Vehumet.
  4919 | D:7      | Reached ** piety under Okawaru
  5418 | D:8      | Reached skill level 10 in Axes
  5537 | D:8      | Found a staircase to the Lair.
  5708 | D:8      | Noticed a kobold demonologist
  5713 | D:8      | Killed a kobold demonologist
  5713 | D:8      | Reached *** piety under Okawaru
  5724 | D:8      | Reached skill level 11 in Axes
  5728 | D:8      | Noticed a purple ugly thing
  5736 | D:8      | Killed a purple ugly thing
  5737 | D:8      | Reached XP level 10. HP: 88/90 MP: 9/9
  5740 | D:8      | Noticed a centaur warrior
  5756 | D:8      | Killed a centaur warrior
  5756 | D:8      | Reached **** piety under Okawaru
  5889 | D:8      | Noticed a centaur warrior
  5892 | D:8      | Killed a centaur warrior
  5893 | D:8      | Reached skill level 12 in Axes
  5905 | D:8      | Noticed a centaur warrior
  5907 | D:8      | Got Ocarho's Sophisticated Incantation
  5914 | D:8      | Identified the ring of Zanafut {rN+ rCorr Int+3 Dex+3}
  5935 | D:8      | Killed a centaur warrior
  5935 | D:8      | Reached ***** piety under Okawaru
  6417 | D:9      | Noticed Harold
  6431 | D:9      | Received a gift from Okawaru
  6433 | D:9      | Killed Harold
  6443 | D:9      | Reached XP level 11. HP: 63/99 MP: 10/10
  6664 | D:9      | Reached skill level 10 in Fighting
  6664 | D:9      | Reached skill level 13 in Axes
  6664 | D:9      | Reached skill level 10 in Armour
  6698 | D:9      | Found a broken altar of Ashenzari.
  6899 | Lair:1   | Entered Level 1 of the Lair of Beasts
  6960 | Lair:1   | Reached skill level 10 in Shields
  7122 | Lair:1   | Received a gift from Okawaru
  7265 | Lair:1   | Reached skill level 14 in Axes
  7421 | Lair:1   | Noticed a boulder beetle
  7447 | Lair:1   | Killed a boulder beetle
  7857 | Lair:1   | Identified the scarf "Tiraifuj" {+Inv, Dex+4} (Okawaru
                  | gifted it to you on level 1 of the Lair of Beasts)
  7857 | Lair:1   | Received a gift from Okawaru
  7866 | Lair:1   | Reached ****** piety under Okawaru
  7958 | Lair:1   | Reached XP level 12. HP: 110/110 MP: 11/11
  8145 | Lair:2   | Noticed a catoblepas
  8151 | Lair:2   | Killed a catoblepas
  8152 | Lair:2   | Reached skill level 15 in Axes
  8772 | Lair:3   | Found a staircase to the Shoals.
  8784 | Lair:3   | Reached skill level 1 in Invocations
  8827 | Lair:3   | Found a hole to the Spider Nest.
  8959 | Lair:3   | Noticed a seven-headed hydra
  8972 | Lair:3   | Killed a 15-headed hydra
  9685 | Lair:4   | Received a gift from Okawaru
  9693 | Lair:4   | Noticed a death yak
  9693 | Lair:4   | Noticed a death yak
  9780 | Lair:3   | Killed a death yak
  9781 | Lair:3   | Reached skill level 16 in Axes
  9923 | Lair:4   | Noticed a death yak
  9923 | Lair:4   | Noticed a death yak
  9935 | Lair:3   | Killed a death yak
 10065 | Lair:3   | Killed a death yak
 10066 | Lair:3   | Reached skill level 5 in Invocations
 10066 | Lair:3   | Killed a death yak
 10073 | Lair:4   | Reached XP level 13. HP: 91/118 MP: 15/15
 10320 | Lair:4   | Received a gift from Okawaru
 10645 | Lair:5   | Entered Level 5 of the Lair of Beasts
 11291 | Lair:5   | Slain by a 16-headed hydra

Illustrated notes

Levels and vault maps discovered:
D:1:      dpeg_arrival_leaves_temple_mockup, layout_loops_corners
D:2:      layout_loops_ring, basic_altar
D:3:      layout_rooms, serial_shops, nicolae_shop_pleasant_corner_grove,
          serial_bayou_lake_a, uniq_crazy_yiuf_cottage, uniq_sigmund,
          uniq_terence, uniq_robin
D:4:      layout_cave_pools, yredelemnul_altar_generic,
          mainiacjoe_overflow_boulevard, cheibrodos_sewer_entry_drain
D:5:      layout_loops_cross, serial_glass, glass_columns_a, glass_columns_b,
          minmay_circle_x, uniq_edmund, uniq_duvessa
D:6:      layout_basic, mainiacjoe_overflow_alcove_2,
          mainiacjoe_overflow_surrounded_room, temple_pool_b,
          uniq_prince_ribbit1
D:7:      dreamdust_elfheim, layout_basic, nicolae_dithmenos_the_darkroom,
          mainiacjoe_overflow_small_starburst, dreamdust_princess_bridge
D:8:      layout_basic, erik_lair_orcish_takeover, minmay_evil_grid
D:9:      layout_rooms, ashenzari_altar_1, uniq_harold
Temple:   nicolae_temple_two_arcs
Lair:1:   layout_chaotic_city, nicolae_lair_grove_arrangements,
          nzn_sisyphean_effort, grunt_megastairs_3
Lair:2:   layout_regular_city, minmay_stone_trees_large
Lair:3:   layout_cave_shapes, minmay_shoals_entry_beasts,
          spider_nest_entry_web_field
Lair:4:   layout_hall_layers, minmay_hedge_maze, wad_woods_03
Lair:5:   gammafunk_lair_ancient_temple, layout_cave_pods, slime_entry_1

Skill      XL: |  1  2  3  4  5  6  7  8  9 10 11 12 |
---------------+-------------------------------------+-----
Axes           | 3 4 5 6 7 9 11 12 14 16 | 16.8
Fighting       | 4 5 6 7 8 9 11 12 | 12.6
Shields        | 4 5 6 7 8 9 11 12 | 12.6
Armour         | 4 5 6 7 8 9 11 12 | 12.6
Invocations    | 5 |  5.0

Action                     |  1- 3 |  4- 6 |  7- 9 | 10-12 | 13-15 || total
---------------------------+-------+-------+-------+-------+-------++-------
  Melee: War axe           |    95 |    41 |   248 |       |       ||   384
         Headbutt          |     6 |     5 |    46 |   134 |    44 ||   235
         Hand axe          |       |       |    37 |   436 |   147 ||   620
  Throw: Stone             |     2 |     5 |    13 |       |       ||    20
         Javelin           |       |       |       |    16 |       ||    16
    Use: Scroll            |     5 |     1 |    10 |     3 |     1 ||    20
         Potion            |       |     2 |     3 |    13 |     4 ||    22
 Armour: Scale mail        |    48 |    21 |    67 |    40 |       ||   176
         Plate armour      |       |       |       |   126 |    52 ||   178
  Dodge: Dodged            |    36 |    19 |    59 |    92 |    36 ||   242
  Block: Buckler           |    24 |    10 |   117 |   223 |    85 ||   459
         Reflection        |       |       |     7 |     8 |       ||    15
